 Dungeon Crawl Stone Soup version 0.30-a0-174-gbc10bd73c2 (webtiles) character file.

Game seed: 10682598391328739423

1734 qw the Cleaver (level 9, -4/55 HPs)
             Began as a Gargoyle Fighter on Oct 1, 2022.
             Slain by Maggie
             ... wielding a +1 scimitar of flaming
              (14 damage)
             ... on level 6 of the Dungeon.
             The game lasted 00:02:11 (5735 turns).

qw the Cleaver (Gargoyle Fighter)                   Turns: 5735, Time: 00:02:11

Health: -4/55      AC: 21    Str: 24    XL:     9   Next: 5%
Magic:  9/9        EV:  6    Int:  9    God:
Gold:   352        SH:  9    Dex:  9    Spells: 8/8 levels left

rFire   . . .      SeeInvis .    Y - +0 broad axe
rCold   . . .      Faith    .    c - +0 buckler
rNeg    + . .      Spirit   .    r - +0 plate armour
rPois   inf        Reflect  +    h - +0 helmet
rElec   +          Harm     .    (no cloak)
rCorr   .          Rampage  .    p - +0 pair of gloves
Will    .....                    (no boots)
Stlth   ..........               w - amulet of reflection
HPRegen 0.29/turn                (no ring)
MPRegen 0.11/turn                (no ring)

@: about to teleport
A: sickness immunity, AC +6, negative energy resistance 1, electricity
resistance, torment resistance 1, petrification resistance
a: no special abilities


You were on level 6 of the Dungeon.
You visited 1 branch of the dungeon, and saw 6 of its levels.

You collected 380 gold pieces.
You spent 28 gold pieces at shops.


Innate Abilities, Weirdness & Mutations

You are immune to sickness and miasma.
Your stone body is resilient. (AC +6)
You are immune to poison.
You resist negative energy. (rN+)
You are resistant to electric shocks. (rElec)
You are resistant to unholy torment.
You are immune to petrification.


   Skills:
 - Level 6.0 Fighting
 + Level 8.8 Axes
 - Level 5.3 Armour
 - Level 1.0 Dodging
 - Level 3.2 Shields


You had 8 spell levels left.
You didn't know any spells.
Your spell library was empty.

Inventory:

Hand Weapons
 s - a +3 war axe of flaming
 Y - a +0 broad axe (weapon)
Armour
 c - a +0 buckler (worn)
 h - a +0 helmet (worn)
 p - a +0 pair of gloves (worn)
 r - a +0 plate armour (worn)
Jewellery
 w - an amulet of reflection (around neck)
Scrolls
 g - 2 scrolls of teleportation
 n - a scroll of identify
Potions
 a - a potion of attraction
 d - 2 potions of might
 e - a potion of lignification
 f - 2 potions of haste
 i - a potion of resistance
 j - a potion of mutation
 k - a potion of magic {unknown}
 l - a potion of heal wounds
 o - a potion of ambrosia {unknown}
 q - a potion of curing
 u - a potion of brilliance {unknown}

Dungeon Overview and Level Annotations

Branches:
Dungeon (6/15)             Temple (0/1) D:6

Altars:
Ashenzari
Dithmenos
Elyvilon
Qazlal
Trog
Uskayaw
Wu Jian
Xom

Shops:
D:6 *

Annotations:
D:6 Maggie


Message History

There is a stone staircase leading up here.
Maggie is nearby!
Maggie gestures wildly while chanting.
Maggie attempts to bespell you! You resist.
Found a runed hammer.
Maggie hits you with a +1 scimitar of flaming.
Maggie burns you.
You closely miss Maggie. Maggie casts a spell at you.
The bolt of fire misses you.
You slash Maggie!
Maggie is moderately wounded.
You block Maggie's attack. Maggie hits you but does no damage.
You hit Maggie but do no damage.
Maggie is moderately wounded.
Maggie hits you with a +1 scimitar of flaming.
Maggie burns you.
You hit Maggie but do no damage.
Maggie is moderately wounded.
Maggie drinks a potion.
Maggie seems to grow stronger.
You closely miss Maggie.
Maggie is moderately wounded.
Maggie gestures wildly while chanting.
Maggie attempts to bespell you! You resist with almost no effort.
You barely miss Maggie.
Maggie is moderately wounded.
Maggie hits you with a +1 scimitar of flaming!
Maggie burns you!
Maggie hits you with a +1 scimitar of flaming!
Maggie burns you.
The orc shouts!
You slash Maggie!
Maggie is heavily wounded.
Maggie gestures at you while chanting. The bolt of fire hits you.
5735 ||| READING 3 scrolls of teleportation.
As you read the scroll of teleportation, it crumbles to dust.
You feel strangely unstable.
Maggie hits you with a +1 scimitar of flaming!
You die...

### .. ######### .#
#######.......###.#
..............<.@.#.#
...............#.@.....)
.......######.......####
...%...###.....#.####
####.....#o#.###.#
#.......#.....#
#......######## #...o..#
##...#########


You could see Maggie (strong) and an orc.

Vanquished Creatures
  Prince Ribbit (D:6)
  Sigmund (D:3)
  A black bear (D:5)
  4 ogres
  2 phantoms
  A kobold brigand (D:6)
  A necrophage (D:5)
  2 scorpions
  A hound (D:6)
  A jelly (D:5)
  An orc priest (D:3)
  2 gnoll boudas
  An iguana (D:4)
  Natasha (twice) (D:3)
  3 orc wizards (D:3)
  Robin (D:2)
  13 gnolls
  4 adders
  2 ufetubi
  A worm (D:3)
  A dart slug (D:1)
  9 orcs
  8 endoplasms
  5 giant cockroaches
  9 goblins
  5 hobgoblins
  3 jackals (D:1)
  3 quokkas
  3 ball pythons
  5 bats
  2 frilled lizards (D:3)
  11 kobolds
  3 rats
112 creatures vanquished.

Vanquished Creatures (others)
  3 plants
3 creatures vanquished.

Grand Total: 115 creatures vanquished

Notes
Turn   | Place    | Note
-------+----------+-------------------------------------------
     0 | D:1      | qw the Gargoyle Fighter began the quest for the Orb.
     0 | D:1      | Reached XP level 1. HP: 14/14 MP: 1/1
     0 | D:1      | 0 ||| qw: Version: 0.2-a-13-gfc7b4b4
     0 | D:1      | 0 ||| qw: Game counter: 1962
     0 | D:1      | 0 ||| qw: Always use a shield: true
     0 | D:1      | 0 ||| qw: God list: Okawaru
     0 | D:1      | 0 ||| qw: Allow faded altars: false
     0 | D:1      | 0 ||| qw: Do Orc after D:15 true
     0 | D:1      | 0 ||| qw: Do second Lair branch before Depths: true
     0 | D:1      | 0 ||| qw: Lair rune preference: random
     0 | D:1      | 0 ||| qw: Plans: Normal, Zot:1-4, God:TSO, Crypt, Tomb,
                  | Pan, Slime:5, Hells, Abyss, Orb
     0 | D:1      | 0 ||| PLANNING D:1-11
   106 | D:1      | Reached skill level 2 in Axes
   264 | D:1      | Reached XP level 2. HP: 19/19 MP: 2/2
   652 | D:1      | 652 ||| DROPPING +0 club.
  1078 | D:1      | 1078 ||| UPGRADING to +0 helmet.
  1083 | D:1      | 1083 ||| DROPPING scarf of harm.
  1084 | D:1      | 1084 ||| DROPPING ring of magical power.
  1085 | D:1      | 1085 ||| READING scroll labelled SEGI VAF BUDYN.
  1086 | D:1      | 1086 ||| READING 3 scrolls labelled WIGGED OTHROIFO.
  1089 | D:1      | 1089 ||| READING scroll labelled LOIMNO ZEEMN.
  1090 | D:1      | 1090 ||| READING scroll labelled RIXIME QAILUET.
  1105 | D:2      | Reached skill level 3 in Axes
  1176 | D:2      | Reached XP level 3. HP: 23/23 MP: 3/3
  1233 | D:2      | Found a bloodstained altar of Trog.
  1343 | D:2      | Noticed Robin
  1353 | D:2      | Killed Robin
  1356 | D:2      | Reached XP level 4. HP: 10/28 MP: 4/4
  1639 | D:2      | You fall into a shaft and drop 1 floor!
  1649 | D:3      | 1649 ||| SWAPPING to +2 war axe of venom.
  1650 | D:3      | 1650 ||| DROPPING +0 war axe.
  1671 | D:3      | Noticed Natasha
  1672 | D:3      | 1672 ||| Stepping ~*~*~tactically~*~*~ (hiding).
  1673 | D:3      | 1673 ||| Stepping ~*~*~tactically~*~*~ (hiding).
  1680 | D:3      | Killed Natasha
  1681 | D:3      | Reached skill level 4 in Axes
  1723 | D:3      | Found a faded altar of an unknown god.
  1727 | D:3      | 1727 ||| UPGRADING to +0 chain mail.
  1730 | D:3      | 1730 ||| FLEEEEING.
  1731 | D:3      | 1731 ||| FLEEEEING.
  1735 | D:3      | 1735 ||| STAIRDANCE
  1737 | D:2      | 1737 ||| UPGRADING to +0 chain mail.
  1747 | D:2      | 1747 ||| DROPPING +0 scale mail.
  1949 | D:2      | 1949 ||| READING 2 scrolls labelled RUSEF HOGOYPS.
  1950 | D:2      | 1950 ||| READING scroll labelled BEBOTIF JOWK.
  1951 | D:2      | 1951 ||| READING scroll labelled YLUKUS GAFFOWA.
  1952 | D:2      | 1952 ||| READING scroll labelled ISALIS KUADAK.
  1953 | D:2      | 1953 ||| DRINKING 2 silvery potions.
  1954 | D:2      | 1954 ||| DROPPING potion of degeneration.
  2027 | D:3      | 2027 ||| Stepping ~*~*~tactically~*~*~ (stealth).
  2051 | D:3      | 2051 ||| FLEEEEING.
  2052 | D:3      | 2052 ||| FLEEEEING.
  2056 | D:3      | 2056 ||| Stepping ~*~*~tactically~*~*~ (hiding).
  2063 | D:3      | Reached XP level 5. HP: 12/32 MP: 5/5
  2237 | D:3      | Reached skill level 5 in Axes
  2314 | D:3      | 2314 ||| Stepping ~*~*~tactically~*~*~ (stealth).
  2469 | D:3      | Noticed Sigmund
  2470 | D:3      | 2470 ||| Stepping ~*~*~tactically~*~*~ (hiding).
  2559 | D:3      | Noticed Natasha
  2564 | D:3      | Killed Natasha
  2579 | D:3      | Killed Sigmund
  2580 | D:3      | Reached XP level 6. HP: 38/38 MP: 6/6
  2624 | D:3      | 2624 ||| Invisible monster not found???
  2704 | D:3      | Reached skill level 6 in Axes
  2939 | D:3      | 2939 ||| UPGRADING to +0 pair of gloves.
  2944 | D:3      | 2944 ||| DROPPING ring of flight.
  2945 | D:3      | 2945 ||| READING scroll labelled ZUNEDD YHUKA.
  2946 | D:3      | 2946 ||| DRINKING 2 emerald potions.
  2947 | D:3      | 2947 ||| DRINKING 2 smoky dark potions.
  2961 | D:4      | 2961 ||| STAIRDANCE
  2966 | D:3      | Reached XP level 7. HP: 20/43 MP: 7/7
  3056 | D:4      | 3056 ||| STAIRDANCE
  3214 | D:4      | 3214 ||| Stepping ~*~*~tactically~*~*~ (stealth).
  3427 | D:4      | Found a hide-covered altar of Uskayaw.
  3433 | D:4      | Found a stormy altar of Qazlal.
  3542 | D:4      | Reached skill level 1 in Dodging
  3548 | D:4      | 3548 ||| DROPPING +0 whip.
  3559 | D:4      | Reached skill level 7 in Axes
  3628 | D:4      | 3628 ||| Stepping ~*~*~tactically~*~*~ (stealth).
  3861 | D:4      | 3861 ||| READING scroll labelled XUWEAT TIMAAKLUA.
  3862 | D:4      | 3862 ||| READING scroll labelled EGGUIN KUUJINNU.
  3863 | D:4      | 3863 ||| DROPPING +0 flail.
  3864 | D:4      | 3864 ||| DRINKING 2 lumpy silvery potions.
  3865 | D:4      | 3865 ||| DRINKING 2 fizzy silvery potions.
  3938 | D:5      | Entered Level 5 of the Dungeon
  4232 | D:5      | Reached XP level 8. HP: 38/49 MP: 8/8
  4305 | D:5      | 4305 ||| Stepping ~*~*~tactically~*~*~ (stealth).
  4308 | D:5      | 4308 ||| Stepping ~*~*~tactically~*~*~ (stealth).
  4318 | D:5      | 4318 ||| Stepping ~*~*~tactically~*~*~ (stealth).
  4384 | D:5      | 4384 ||| SWAPPING to +0 broad axe.
  4826 | D:5      | 4826 ||| UPGRADING to +0 plate armour.
  4836 | D:5      | 4836 ||| DROPPING +0 chain mail.
  4837 | D:5      | 4837 ||| DROPPING amulet of magic regeneration.
  4838 | D:5      | 4838 ||| UPGRADING to amulet of reflection.
  4843 | D:5      | 4843 ||| READING scroll labelled IKEXODW ORUNUZXE.
  4844 | D:5      | 4844 ||| READING scroll labelled UGIORU WUHIO.
  4845 | D:5      | 4845 ||| DRINKING 2 fizzy brown potions.
  4950 | D:5      | 4950 ||| DROPPING potion of berserk rage.
  4972 | D:5      | 4972 ||| STAIRDANCE
  4976 | D:5      | 4976 ||| STAIRDANCE
  4980 | D:5      | 4980 ||| STAIRDANCE
  4984 | D:5      | 4984 ||| STAIRDANCE
  4988 | D:5      | 4988 ||| STAIRDANCE
  4992 | D:5      | 4992 ||| STAIRDANCE
  4996 | D:5      | 4996 ||| STAIRDANCE
  5000 | D:5      | 5000 ||| STAIRDANCE
  5004 | D:5      | 5004 ||| STAIRDANCE
  5008 | D:5      | 5008 ||| STAIRDANCE
  5012 | D:5      | 5012 ||| STAIRDANCE
  5016 | D:5      | 5016 ||| STAIRDANCE
  5020 | D:5      | 5020 ||| STAIRDANCE
  5024 | D:5      | 5024 ||| STAIRDANCE
  5028 | D:5      | 5028 ||| STAIRDANCE
  5032 | D:5      | 5032 ||| STAIRDANCE
  5036 | D:5      | 5036 ||| STAIRDANCE
  5040 | D:5      | 5040 ||| STAIRDANCE
  5044 | D:5      | 5044 ||| STAIRDANCE
  5048 | D:5      | 5048 ||| STAIRDANCE
  5196 | D:4      | Found an ornate altar of the Wu Jian Council.
  5249 | D:6      | Noticed Maggie
  5261 | D:6      | HP: 8/49 [ogre/+0 giant spiked club (5)]
  5262 | D:6      | 5262 ||| READING 4 scrolls of teleportation.
  5263 | D:6      | 5263 ||| DRINKING 2 potions of heal wounds.
  5282 | D:6      | Reached skill level 8 in Axes
  5470 | D:6      | Found Leoblaabb's General Store.
  5485 | D:6      | 5485 ||| BUYING scroll of identify (28 gold).
  5485 | D:6      | Bought a scroll of identify for 28 gold pieces
  5515 | D:6      | Found a shadowy altar of Dithmenos.
  5515 | D:6      | Found a white marble altar of Elyvilon.
  5517 | D:6      | Found a shimmering altar of Xom.
  5517 | D:6      | Found a broken altar of Ashenzari.
  5548 | D:6      | Noticed Prince Ribbit
  5559 | D:6      | Reached skill level 6 in Fighting
  5574 | D:6      | Killed Prince Ribbit
  5575 | D:6      | Reached XP level 9. HP: 55/55 MP: 9/9
  5628 | D:6      | Found a staircase to the Ecumenical Temple.
  5629 | D:6      | 5629 ||| PLANNING TEMPLE
  5629 | D:6      | 5629 ||| DRINKING 2 sedimented amethyst potions.
  5630 | D:6      | 5630 ||| READING 2 scrolls of identify.
  5630 | D:6      | 5630 ||| IDENTIFYING fuming amethyst potion
  5644 | D:6      | 5644 ||| FLEEEEING.
  5646 | D:6      | 5646 ||| FLEEEEING.
  5647 | D:6      | 5647 ||| FLEEEEING.
  5648 | D:6      | 5648 ||| FLEEEEING.
  5649 | D:6      | 5649 ||| FLEEEEING.
  5650 | D:6      | 5650 ||| FLEEEEING.
  5651 | D:6      | 5651 ||| FLEEEEING.
  5655 | D:6      | 5655 ||| FLEEEEING.
  5656 | D:6      | 5656 ||| FLEEEEING.
  5661 | D:6      | 5661 ||| FLEEEEING.
  5662 | D:6      | 5662 ||| FLEEEEING.
  5663 | D:6      | 5663 ||| FLEEEEING.
  5668 | D:6      | 5668 ||| FLEEEEING.
  5675 | D:6      | 5675 ||| FLEEEEING.
  5677 | D:6      | 5677 ||| STAIRDANCE
  5715 | D:6      | 5715 ||| STAIRDANCE
  5734 | D:6      | HP: 10/55 [Maggie/bolt of fire (6)]
  5735 | D:6      | 5735 ||| READING 3 scrolls of teleportation.
  5735 | D:6      | Slain by Maggie

Levels and vault maps discovered:
D:1:      arrival_zaba_pyramid, layout_loops_ring, serial_bayou,
          serial_bayou_pond_a, serial_bayou_pond_c, serial_bayou_pond_d,
          serial_bayou_pond_d, serial_park_tiny_1, hex_large
D:2:      layout_loops_ring, basic_altar, uniq_robin
D:3:      layout_loops_ring, ebering_ecumenical_altar_sacrificial,
          chequers_decorated_corner, serial_bayou_crossing, uniq_natasha,
          uniq_sigmund
D:4:      layout_loops_cross, nicolae_overflow_hidden_temple
D:5:      layout_basic, minmay_misc_feat_alley, kennysheep_flooded_box,
          minmay_fractal_squares_diagonal_5
D:6:      layout_basic, mainiacjoe_overflow_alcove_3,
          minmay_temple_entry_sparse_star, serial_shops, shop_statue,
          uniq_prince_ribbit1, uniq_maggie, uniq_crazy_yiuf_cottage

Skill      XL: |  1  2  3  4  5  6  7  8 |
---------------+-------------------------+-----
Axes           | 2 3 4 5 6 7 8 |  8.8
Fighting       | 4 5 6 |  6.0
Dodging        | 1 |  1.0
Armour         | 4 5 |  5.3
Shields        | |  3.2

Action                   |  1- 3 |  4- 6 |  7- 9 || total
-------------------------+-------+-------+-------++-------
Melee: War axe           |    67 |    94 |    61 ||   222
       Broad axe         |       |       |   104 ||   104
  Use: Scroll            |     4 |     5 |     7 ||    16
       Potion            |       |     3 |     5 ||     8
Armor: Scale mail        |    33 |     6 |       ||    39
       Chain mail        |       |    52 |    44 ||    96
       Plate armour      |       |       |    76 ||    76
Dodge: Dodged            |    37 |    36 |    46 ||   119
Block: Buckler           |    12 |     9 |    58 ||    79

Table legend:
 A = Non-vault XP
 B = Vault XP
 C = Vault XP percentage of total XP
 D = Non-vault monster count
 E = Vault monster count
 F = Vault count percentage of total count
                 A         B        C        D         E       F
            +---------+---------+-------+---------+---------+-------
      Total |    1860 |     618 |  24.9 |      99 |      13 |  11.6
            +---------+---------+-------+---------+---------+-------
        D:1 |      29 |       0 |   0.0 |      16 |       0 |   0.0
        D:2 |      27 |      31 |  53.4 |      10 |       9 |  47.4
        D:3 |     372 |     249 |  40.1 |      29 |       2 |   6.5
        D:4 |     292 |       0 |   0.0 |      19 |       0 |   0.0
        D:5 |     533 |      42 |   7.3 |       7 |       1 |  12.5
        D:6 |     607 |     296 |  32.8 |      18 |       1 |   5.3
            +---------+---------+-------+---------+---------+-------
